 Dungeon Crawl Stone Soup version 0.16.1-16-gc44b35d (webtiles) character file.

6374 Siriah the Nimble (level 10, -17/84 HPs)
             Began as a Grey Draconian Monk on Apr 17, 2015.
             Was the Champion of Nemelex Xobeh.
             Demolished by a sun demon (18 damage)
             ... summoned by a kobold demonologist
             ... on level 11 of the Dungeon.
             The game lasted 00:41:54 (10144 turns).

Siriah the Nimble (Grey Draconian Monk)            Turns: 10144, Time: 00:41:56

Health: -17/84     AC: 15    Str: 14    XL:     10   Next: 65%
Magic:  20/20      EV: 18    Int: 12    God:    Nemelex Xobeh [******]
Gold:   624        SH:  0    Dex: 17    Spells: 0 memorised, 9 levels left

rFire  . . .     SeeInvis +       - Unarmed
rCold  . . .     Clarity  .     (armour unavailable)
rNeg   . . .     SustAb   .     (no shield)
rPois  .         Gourm    .     (helmet restricted)
rElec  .         Spirit   .     t - +2 cloak
rCorr  .         Warding  .     (no gloves)
rMut   +         Stasis   .     (no boots)
MR     .....                    A - amulet of resist mutation
Stlth  ++++++....               W - ring of wizardry
                                R - ring of see invisible

@: especially stealthy, drained, not resistant to hostile enchantments, very
stealthy
A: walk through water, unfitting armour, camouflage 1, agile 1, unbreathing,
cold-blooded, AC +12
a: Triple Draw, Deal Four, Stack Five, Renounce Religion


You were on level 11 of the Dungeon.
You worshipped Nemelex Xobeh.
Nemelex Xobeh was exalted by your worship.
You were not hungry.

You visited 1 branch of the dungeon, and saw 11 of its levels.

You collected 986 gold pieces.
You spent 362 gold pieces at shops.

Inventory:

Hand weapons
 b - a +2 arbalest of venom
Missiles
 k - 34 bolts
 x - 13 bolts of frost
Armour
 t - a +2 cloak (worn)
Jewellery
 A - an amulet of resist mutation (around neck)
 R - a ring of see invisible (left hand)
 W - a ring of wizardry (right hand)
Magical devices
 i - a wand of magic darts (14)
 y - a wand of flame (24)
 G - a wand of heal wounds (4)
 H - a wand of confusion (36)
 J - a wand of lightning (3)
 K - a wand of fireball (3)
 L - a wand of flame (16)
 Q - a wand of draining (0)
 T - a wand of polymorph (5)
Scrolls
 c - 2 scrolls of identify
 e - 7 scrolls of remove curse
 f - 8 scrolls of teleportation
 p - 3 scrolls of fear
 r - 2 scrolls of enchant armour
Potions
 d - 3 potions of might
 g - 3 potions of haste
 h - 3 potions of curing
 j - a potion of brilliance {unknown}
 n - 2 potions of mutation
 o - 3 potions of restore abilities
 w - 3 potions of cancellation
 z - a potion of invisibility
 D - 2 potions of agility
 E - a potion of lignification
 I - a potion of heal wounds
Books
 v - a book of Debilitation

   Spells                             Type                      Level
   a - Corona                         Hexes                        1
   b - Slow                           Hexes                        2
   c - Inner Flame                    Hexes/Fire                   3
   d - Enslavement                    Hexes                        4
   e - Cause Fear                     Hexes                        4
   f - Leda's Liquefaction            Hexes/Earth                  4
 P - a book of Party Tricks

   Spells                             Type                      Level
   a - Summon Butterflies             Summoning                    1
   b - Apportation                    Translocation                1
   c - Tukima's Dance                 Hexes                        3
   d - Alistair's Intoxication        Transmutation/Poison         4
   e - Invisibility                   Hexes                        6
 X - a book of the Earth

   Spells                             Type                      Level
   a - Leda's Liquefaction            Hexes/Earth                  4
   b - Bolt of Magma                  Conjuration/Fire/Earth       5
   c - Statue Form                    Transmutation/Earth          6
   d - Iron Shot                      Conjuration/Earth            6
   e - Shatter                        Earth                        9
Miscellaneous
 q - a plain deck of destruction {drawn: 4}
 s - an ornate deck of war
 u - a legendary deck of war
 B - an ornate deck of destruction
 C - a plain deck of escape {drawn: 1}
 N - a legendary deck of destruction
 S - a plain deck of escape
 U - a plain deck of escape
 V - a plain deck of summoning {the Dance}
 Z - an ornate deck of war
Comestibles
 a - 9 slices of pizza
 l - 5 beef jerkies
 m - 13 bread rations
 M - 5 meat rations
 O - 2 fruits
 Y - 2 chunks of flesh


   Skills:
 + Level 6.9(6.4) Fighting
 + Level 4.1(3.7) Crossbows
 + Level 8.9(8.4) Dodging
 + Level 5.1(4.7) Stealth
 + Level 8.6(8.1) Unarmed Combat
 * Level 7.5(7.0) Evocations


You had 9 spell levels left.
You didn't know any spells.

Dungeon Overview and Level Annotations

Branches:
Dungeon (11/15)            Temple (0/1) D:5            Lair (0/8) D:8
    Orc (0/4) D:11

Altars:
Dithmenos
Elyvilon
Fedhas
Gozag
Nemelex Xobeh
Sif Muna
Vehumet
Xom
The Shining One
Lugonu

Shops:
D:7 *   D:8 }


Innate Abilities, Weirdness & Mutations

You can walk through water.
Your dull iron-grey scales are very hard (AC +12).
Your body does not fit into most forms of armour.
You can survive without breathing.
Your cold-blooded metabolism reacts poorly to cold.
Your skin changes colour to match your surroundings (Stealth).
You are agile. (Dex +2)


Message History

Your insubstantial wisp thrums sharply.
The kobold demonologist is struck by lightning.
The lightning arcs!
The kobold demonologist barely misses your insubstantial wisp.
Drink which item? (? for menu, Esc to quit)
Okay, then.
Evoke which item? (* to show all) (? for menu, Esc to quit)
You draw a card...
It is Warpwright.
You found a teleport trap!
The sun demon hits you!
* * * LOW HITPOINT WARNING * * *
You are engulfed in flames!
* * * LOW HITPOINT WARNING * * *
Your insubstantial wisp hits the sun demon but does no damage.
Your insubstantial wisp thrums sharply.
The air around your insubstantial wisp crackles with electrical energy.
The sun demon hits you!
* * * LOW HITPOINT WARNING * * *
You are engulfed in flames!!
You die...
Your body glows slightly and disappears.

.........#####♣..P.#..
♣. #..##..
..............♣P5.§§§#.≈
#..#...
...>.....###..#53..5§§..
#...... .........#
#..#.KP55... #..#...
.........# #..K#P#...#§#
#...... .........#
##K5.# §§.4. ≈....##.
<........#
#.vv##v..#.#....####.
##########
##.3#########..## #.
###@.......... ....#
###^..#.....## ##. #####
#.# ## #####


You could see a sun demon, 2 kobold demonologists, a sixfirhy, an insubstantial
wisp, a crimson imp, an ufetubus and 2 friendly insubstantial wisps.

Vanquished Creatures
  Maurice (D:11)
  A kobold demonologist (D:11)
  A raven (D:8)
  A two-headed ogre (D:11)
  A hungry ghost (D:11)
  A human (D:10)
  2 hippogriffs
  A water moccasin (D:10)
  An ogre (D:9)
  2 sky beasts
  2 orc warriors
  An ice beast (D:9)
  4 centaurs
  A black bear (D:6)
  2 big kobolds
  A wyvern zombie (D:10)
  6 giant frogs
  A scorpion (D:6)
  4 crimson imps
  5 killer bees (D:8)
  A giant frog skeleton (D:9)
  4 orc priests
  3 hounds
  14 worker ants
  A centaur skeleton (D:7)
  3 iguanas (D:8)
  A quasit (D:9)
  2 ogre zombies (D:11)
  2 hound skeletons
  A hound zombie (D:6)
  A worker ant zombie (D:5)
  4 gnolls (D:9)
  10 adders
  4 shadow imps
  2 giant mites
  7 giant geckos
  4 oozes
  28 orcs
  2 ball pythons
  7 giant cockroaches
  9 hobgoblins
  3 quokkas
  11 bats
  4 giant newts
  12 goblins
  A goblin zombie (D:11)
  A hobgoblin skeleton (D:11)
  12 jackals
  A jackal skeleton (D:4)
  38 kobolds
  2 orc skeletons (D:11)
  3 orc zombies (D:11)
  22 rats
  A plant (D:5)
260 creatures vanquished.

Vanquished Creatures (collateral kills)
  The ghost of ventricule the Carver, a powerful FoCK of Xom (D:11)
  2 tengu warriors (D:8)
  A troll (D:5)
  A raven (D:10)
  A hog (D:10)
  A deep elf mage (D:9)
  A yak (D:10)
  A hungry ghost (D:11)
  2 hippogriffs
  An orc warrior (D:8)
  3 phantoms
  2 ogres
  4 wights (D:11)
  A goliath beetle (D:5)
  An orc priest (D:11)
  2 orc wizards
  5 ogre zombies (D:11)
  Ijyb (D:3)
  2 sheep (D:10)
  A worker ant zombie (D:11)
  An ufetubus (D:11)
  A giant gecko (D:4)
  7 orcs
  A giant cockroach (D:4)
  A goblin (D:4)
  2 jackals (D:4)
  A giant newt (D:4)
  A goblin zombie (D:11)
  A hobgoblin zombie (D:11)
  An orc skeleton (D:11)
  11 orc zombies (D:11)
  A rat (D:3)
63 creatures vanquished.

Vanquished Creatures (others)
  3 ravens
  An air elemental (D:8)
  A dancing weapon (D:8)
  A water elemental (D:11)
  A centaur (D:5)
  A rat (D:8)
8 creatures vanquished.

Grand Total: 331 creatures vanquished

Notes
Turn   | Place    | Note
--------------------------------------------------------------
     0 | D:1      | Siriah, the Draconian Monk, began the quest for the Orb.
     0 | D:1      | Reached XP level 1. HP: 19/19 MP: 1/1
   162 | D:1      | Reached XP level 2. HP: 15/26 MP: 2/2
   997 | D:2      | Reached XP level 3. HP: 18/33 MP: 3/3
  1212 | D:2      | Found a sparkling altar of Nemelex Xobeh.
  1217 | D:2      | Became a worshipper of Nemelex Xobeh the Trickster
  1217 | D:2      | Received a gift from Nemelex Xobeh
  1217 | D:2      | Received a gift from Nemelex Xobeh
  1324 | D:2      | Reached XP level 4. HP: 35/40 MP: 4/4
  1911 | D:3      | Noticed Ijyb
  1928 | D:3      | Killed Ijyb
  2031 | D:3      | Reached skill level 5 in Unarmed Combat
  2031 | D:3      | Reached XP level 5. HP: 43/46 MP: 5/5
  2143 | D:3      | Reached skill level 1 in Evocations
  2154 | D:3      | Received a gift from Nemelex Xobeh
  2764 | D:4      | Received a gift from Nemelex Xobeh
  2879 | D:4      | Noticed a phantom
  2926 | D:4      | Gained mutation: Your skin changes colour to match your surroundings (Stealth). [potion of beneficial mutation]
  2931 | D:4      | Killed a phantom
  2931 | D:4      | Reached XP level 6. HP: 19/52 MP: 7/7
  2935 | D:4      | Gained mutation: You are agile. (Dex +2) [potion of beneficial mutation]
  3271 | D:4      | Acquired Nemelex Xobeh's first power
  3283 | D:4      | Noticed a phantom
  3302 | D:4      | Killed a phantom
  3464 | D:4      | Received a gift from Nemelex Xobeh
  3735 | D:5      | Entered Level 5 of the Dungeon
  4080 | D:5      | Received a gift from Nemelex Xobeh
  4221 | D:5      | Noticed a troll
  4234 | D:5      | Killed a troll
  4234 | D:5      | Reached skill level 5 in Dodging
  4234 | D:5      | Your scales start taking on a dull iron-grey colour.
  4234 | D:5      | Gained mutation: You can survive without breathing. [draconian maturity]
  4234 | D:5      | Reached XP level 7. HP: 10/60 MP: 8/10
  4567 | D:5      | Found a staircase to the Ecumenical Temple.
  4630 | D:5      | Acquired Nemelex Xobeh's second power
  4672 | D:5      | Reached skill level 1 in Crossbows
  5075 | D:5      | Reached skill level 6 in Unarmed Combat
  5079 | D:5      | Found a radiant altar of Vehumet.
  5407 | D:6      | Reached skill level 5 in Fighting
  5407 | D:6      | Reached XP level 8. HP: 34/68 MP: 13/13
  5424 | D:6      | Received a gift from Nemelex Xobeh
  5957 | D:6      | Received a gift from Nemelex Xobeh
  6479 | D:7      | Received a gift from Nemelex Xobeh
  6643 | D:7      | Found a shadowy altar of Dithmenos.
  6793 | D:7      | Found Shriobrin's Elemental Accessories.
  6802 | D:7      | Bought a wand of lightning (3) for 98 gold pieces
  6994 | D:8      | Found a deep blue altar of Sif Muna.
  6994 | D:8      | Found a glowing golden altar of the Shining One.
  7003 | D:8      | Found a staircase to the Lair.
  7003 | D:8      | Noticed a tengu warrior
  7004 | D:8      | Noticed a raven
  7007 | D:8      | Noticed a tengu warrior
  7010 | D:8      | Killed a raven
  7010 | D:8      | Reached skill level 5 in Evocations
  7023 | D:8      | Acquired Nemelex Xobeh's third power
  7023 | D:8      | Killed a tengu warrior
  7023 | D:8      | Reached skill level 7 in Unarmed Combat
  7023 | D:8      | Reached XP level 9. HP: 52/74 MP: 16/16
  7025 | D:8      | Found Choiraotz's Quality Used Wands.
  7028 | D:8      | Killed a tengu warrior
  7044 | D:8      | Bought a wand of heal wounds (0) for 264 gold pieces
  7074 | D:8      | Received a gift from Nemelex Xobeh
  7123 | D:8      | Found a shimmering altar of Xom.
  7162 | D:8      | Found a blossoming altar of Fedhas.
  7207 | D:8      | Received a gift from Nemelex Xobeh
  7217 | D:8      | Found a shimmering altar of Xom.
  7221 | D:8      | Found an opulent altar of Gozag.
  7849 | D:9      | Received a gift from Nemelex Xobeh
  7939 | D:9      | Found a white marble altar of Elyvilon.
  8452 | D:10     | Entered Level 10 of the Dungeon
  8456 | D:10     | Received a gift from Nemelex Xobeh
  8539 | D:10     | Reached skill level 8 in Dodging
  8539 | D:10     | Reached XP level 10. HP: 83/83 MP: 19/19
  8690 | D:10     | Received a gift from Nemelex Xobeh
  9848 | D:11     | Noticed ventricule's ghost (powerful FoCK)
  9850 | D:11     | Found a staircase to the Orcish Mines.
  9873 | D:11     | Killed ventricule's ghost
  9873 | D:11     | Reached skill level 5 in Stealth
 10030 | D:11     | Noticed Maurice
 10055 | D:11     | Killed Maurice
 10121 | D:11     | Found a corrupted altar of Lugonu.
 10130 | D:11     | Noticed a sun demon
 10136 | D:11     | Noticed an ice devil
 10143 | D:11     | Noticed a sixfirhy
 10144 | D:11     | HP: 1/84 [sun demon[a kobold demonologist] (8)]
 10144 | D:11     | Demolished by a sun demon

Action                   |  1- 3 |  4- 6 |  7- 9 | 10-12 || total
-------------------------+-------+-------+-------+-------++-------
Melee: Unarmed           |   109 |   334 |   394 |   188 ||  1025
 Fire: Hand crossbow     |       |    14 |    34 |       ||    48
       Arbalest          |       |       |    35 |    13 ||    48
Evoke: Deck              |     1 |    16 |    22 |    13 ||    52
  Use: Scroll            |       |     8 |    16 |     7 ||    31
       Potion            |       |     3 |       |       ||     3
 Stab: Sleeping          |     2 |     3 |     8 |     1 ||    14
       Distracted        |       |     1 |     1 |     1 ||     3
       Invisible         |       |       |     3 |       ||     3
  Eat: Chunk             |     1 |    10 |    14 |     2 ||    27
       Royal jelly       |       |       |       |     2 ||     2
